 Dungeon Crawl Stone Soup version 0.31-a0-196-g86fe4a5e66 (webtiles) character file.

Game seed: 17502676752878667598

81 qw the Shooter (level 4, -8/25 HPs)
             Began as a Deep Elf Hunter on June 24, 2023.
             Succumbed to their own poison gas
             ... on level 2 of the Dungeon.
             The game lasted 00:00:35 (1120 turns).

qw the Shooter (Deep Elf Hunter)                    Turns: 1120, Time: 00:00:35

Health: -8/25      AC: 11    Str: 10    XL:     4   Next: 20%
Magic:  6/6        EV: 11    Int: 14    God:
Gold:   15         SH:  0    Dex: 18    Spells: 3/3 levels left

rFire   . . .        Y - +0 shortbow
rCold   . . .        (shield currently unavailable)
rNeg    . . .        g - +1 ring mail
rPois   .            (no helmet)
rElec   .            j - +0 cloak
rCorr   +            (no gloves)
SInv    .            (no boots)
Will    .....        (no amulet)
Stlth   +            h - ring of resist corrosion
HPRegen 0.24/turn    f - +4 ring of protection
MPRegen 0.10/turn

%: no passive effects
@: lethally poisoned (-8 -> -76), on berserk cooldown, slowed, very slow
A: no striking features
a: no special abilities


You were on level 2 of the Dungeon.
You visited 1 branch of the dungeon, and saw 2 of its levels.

You collected 87 gold pieces.
You spent 72 gold pieces at shops.


   Skills:
 - Level 1.5 Fighting
 + Level 7.6 Ranged Weapons
 - Level 2.4 Dodging
 - Level 1.2 Stealth


You had 3 spell levels left.
You didn't know any spells.
Your spell library was empty.

Inventory:

Hand Weapons
 Y - a +0 shortbow (weapon)
Armour
 g - a +1 ring mail (worn)
 j - a +0 cloak (worn)
Jewellery
 f - a +4 ring of protection (right hand)
 h - a ring of resist corrosion (left hand)
Potions
 a - a potion of heal wounds {unknown}
 b - a potion of berserk rage
 d - 3 potions of curing
 i - a potion of enlightenment {unknown}

Dungeon Overview and Level Annotations

Branches:
Dungeon (2/15)

Altars:
Ru

Shops:
D:2 !


Message History

Enter note:
Enter note:
Enter note: Done exploring.
1108 ||| UPGRADING to +0 cloak.
You start putting on your armour.
You continue putting on your +0 cloak. x4
You finish putting on your +0 cloak.
Done exploring.
1113 ||| UPGRADING to +4 ring of protection.
f - a +4 ring of protection (right hand) Done exploring.
1114 ||| READING scroll labelled DYRI DIERPHI.
The air fills with toxic fumes!
As you read the scroll labelled DYRI DIERPHI, it crumbles to dust.
It was a scroll of poison.
Done exploring.
1115 ||| READING scroll labelled XINAGARAPS.
As you read the scroll labelled XINAGARAPS, it crumbles to dust.
It is a scroll of identify.
Really abort (and waste the scroll)?
Done exploring.
1116 ||| DRINKING 2 yellow potions.
It was a potion of berserk rage.
A red film seems to cover your vision as you go berserk!
You feel yourself moving faster!
You feel mighty!
Really walk into that cloud of poison gas?
You feel a strong urge to attack something.
You are engulfed in poison gas.
You are poisoned.
You feel very sick.
You are engulfed in poison gas.
You are lethally poisoned!
You feel very sick.
You feel your anger nearly subside.
You are engulfed in poison gas.
You are more poisoned.
You feel very sick.
You are engulfed in poison gas.
You are more poisoned.
You are no longer berserk.
You are exhausted.
You feel yourself slow down.
You die...

#.......# #............
#.......###.#..........
########.####.............#
#.........................#
#.........................#
#...¤¤¤0¤¤¤...##...........
#...¤¤¤¤¤¤¤...##...........
##..¤0¤00¤¤...##...........
#..¤¤¤¤¤¤@..###.........##
#..¤¤0¤¤¤¤..# #...%.......
###¤¤¤0¤0¤..# #.......#..#
##¤¤¤¤¤¤#####....)......
#¤¤¤¤¤¤...##...........
####¤¤0¤¤¤¤¤.##...........
#..¤¤#####¤¤¤##...........
#....#####¤¤¤¤#...........
#.........¤¤¤0#...........


There were no monsters in sight!

Vanquished Creatures
  4 adders (D:2)
  2 dart slugs
  4 ball pythons
  3 endoplasms (D:2)
  4 giant cockroaches (D:2)
  4 goblins
  6 hobgoblins
  A kobold (D:1)
  3 quokkas (D:2)
  A bat (D:1)
  2 frilled lizards
  5 rats
39 creatures vanquished.

Notes
Turn   | Place    | Note
-------+----------+-------------------------------------------
     0 | D:1      | qw the Deep Elf Hunter began the quest for the Orb.
     0 | D:1      | Reached XP level 1. HP: 12/12 MP: 3/3
     0 | D:1      | 0 ||| qw: Version: 0.3-a-9-g12657ce
     0 | D:1      | 0 ||| qw: Game counter: 4782
     0 | D:1      | 0 ||| qw: Always use a shield: true
     0 | D:1      | 0 ||| qw: God list: Okawaru
     0 | D:1      | 0 ||| qw: Allow faded altars: false
     0 | D:1      | 0 ||| qw: Do Orc after D:15 true
     0 | D:1      | 0 ||| qw: Do second Lair branch before Depths: true
     0 | D:1      | 0 ||| qw: Lair rune preference: random
     0 | D:1      | 0 ||| qw: Plans: Normal
     0 | D:1      | 0 ||| PLANNING D:1-11
     2 | D:1      | Noticed a felid
     2 | D:1      | Noticed a minotaur
     4 | D:1      | Noticed a vampire
     4 | D:1      | Noticed a meteoran
     6 | D:1      | Noticed a formicid
     6 | D:1      | Noticed an ogre
     8 | D:1      | Noticed a vine stalker
    10 | D:1      | Noticed a demonspawn
    10 | D:1      | Noticed a gargoyle
    12 | D:1      | Noticed a merfolk
    12 | D:1      | Noticed a troll
    14 | D:1      | Noticed an elf
    14 | D:1      | Noticed an armataur
    16 | D:1      | Noticed an octopode
    16 | D:1      | Noticed a human
    18 | D:1      | Noticed a ghoul
    18 | D:1      | Noticed a naga
    20 | D:1      | Noticed a tengu
    22 | D:1      | Noticed a spriggan
    24 | D:1      | Noticed a draconian
    24 | D:1      | Noticed a draconian
    26 | D:1      | Noticed a ghoul
    26 | D:1      | Noticed a tengu
    72 | D:1      | Reached XP level 2. HP: 16/16 MP: 4/4
    85 | D:1      | Reached skill level 6 in Ranged Weapons
   410 | D:1      | 410 ||| UPGRADING to +0 ring mail.
   420 | D:1      | 420 ||| DROPPING +0 leather armour.
   421 | D:1      | 421 ||| UPGRADING to ring of resist corrosion.
   422 | D:1      | 422 ||| READING scroll labelled PARGHU OFOS.
   425 | D:1      | 425 ||| READING 3 scrolls labelled CEERUVVOEL.
   426 | D:1      | 426 ||| READING scroll labelled YPUUSO HOIN.
   427 | D:1      | 427 ||| DROPPING scroll of butterflies.
   428 | D:1      | 428 ||| DROPPING 2 scrolls of blinking.
   526 | D:2      | 526 ||| READING scroll of enchant armour.
   526 | D:2      | 526 ||| ENCHANTING +0 ring mail.
   578 | D:2      | Reached XP level 3. HP: 20/20 MP: 5/5
   702 | D:2      | Reached skill level 7 in Ranged Weapons
   838 | D:2      | Reached XP level 4. HP: 25/25 MP: 6/6
   864 | D:2      | Found Olud's Distillery.
   872 | D:2      | 872 ||| SHOPLISTING 2 potions of mutation (192 gold, have
                  | 87).
   872 | D:2      | 872 ||| BUYING potion of curing (36 gold).
   872 | D:2      | Bought a potion of curing for 36 gold pieces
   872 | D:2      | 872 ||| BUYING potion of curing (36 gold).
   872 | D:2      | Bought a potion of curing for 36 gold pieces
   872 | D:2      | 872 ||| SHOPLISTING potion of curing (36 gold, have 15).
   872 | D:2      | 872 ||| SHOPLISTING potion of mutation (96 gold, have 15).
  1106 | D:2      | Found a sacrificial altar of Ru.
  1108 | D:2      | 1108 ||| UPGRADING to +0 cloak.
  1113 | D:2      | 1113 ||| UPGRADING to +4 ring of protection.
  1114 | D:2      | 1114 ||| READING scroll labelled DYRI DIERPHI.
  1115 | D:2      | 1115 ||| READING scroll labelled XINAGARAPS.
  1116 | D:2      | 1116 ||| DRINKING 2 yellow potions.
  1119 | D:2      | HP: 6/37 [poisoned by you (poison gas)]
  1120 | D:2      | HP: 1/37 [cloud of poison gas (5)]
  1120 | D:2      | Succumbed to their own poison gas

Levels and vault maps discovered:
D:1:      kb_arrival_jail, layout_rooms
D:2:      layout_basic, basic_altar, serial_shops,
          nicolae_shop_advertising_works [nicolae_subvault_shop_adworks]

Skill      XL: |  1  2  3 |
---------------+----------+-----
Ranged Weapons | 6 7 |  7.6
Fighting       | |  1.5
Dodging        | |  2.4
Stealth        | |  1.2

Action                     |  1- 3 |  4- 6 || total
---------------------------+-------+-------++-------
   Fire: Shortbow          |   102 |    10 ||   112
    Use: Scroll            |     4 |     2 ||     6
         Potion            |       |     1 ||     1
 Armour: Leather armour    |     5 |       ||     5
         Ring mail         |    11 |       ||    11
  Dodge: Dodged            |    13 |       ||    13

Table legend:
 A = Non-vault XP
 B = Vault XP
 C = Vault XP percentage of total XP
 D = Non-vault monster count
 E = Vault monster count
 F = Vault count percentage of total count
                 A         B        C        D         E       F
            +---------+---------+-------+---------+---------+-------
      Total |     117 |       0 |   0.0 |      39 |       0 |   0.0
            +---------+---------+-------+---------+---------+-------
        D:1 |      18 |       0 |   0.0 |      11 |       0 |   0.0
        D:2 |      99 |       0 |   0.0 |      28 |       0 |   0.0
            +---------+---------+-------+---------+---------+-------
